 Dungeon Crawl Stone Soup version 0.19.1 (webtiles) character file.

9839 RedPan the Frost Mage (level 11, 0/68 HPs)
             Began as a Vampire Ice Elementalist on Dec 24, 2016.
             Was a Believer of Vehumet.
             Slain by an eight-headed hydra (5 damage)
             ... on level 1 of the Lair of Beasts.
             The game lasted 00:43:32 (14542 turns).

RedPan the Frost Mage (Vampire Ice Elementalist)   Turns: 14542, Time: 00:43:33

Health: 0/68       AC: 15    Str: 11    XL:     11   Next: 28%
Magic:  20/23      EV: 19    Int: 28    God:    Vehumet [**....]
Gold:   511        SH:  0    Dex: 15    Spells: 4 memorised, 4 levels left

rFire  + . .     SeeInvis +     y - +10 dagger of Courage {pain, rF+ Str+4}
rCold  + . .     Gourm    .     a - +0 robe
rNeg   + + .     Faith    .     (no shield)
rPois  +         Spirit   .     F - +0 hat {Int+3}
rElec  .         Reflect  .     x - +0 cloak
rCorr  .         Harm     .     n - +2 pair of gloves
MR     +....                    f - +1 pair of boots
Stlth  +++++.....               (no amulet)
                                o - ring of magical power
                                e - +4 ring of intelligence

@: icy armour, regenerating slowly, slow
A: fangs 3, see invisible, unbreathing
a: Bat Form, Renounce Religion


You were on level 1 of the Lair of Beasts.
You worshipped Vehumet.
Vehumet was pleased with you.
You were near bloodless.

You visited 3 branches of the dungeon, and saw 12 of its levels.

You collected 511 gold pieces.

Inventory:

Hand Weapons
 y - the +10 dagger of Courage (weapon) {pain, rF+ Str+4}
   (You found it on level 4 of the Dungeon)

   In the hands of one skilled in necromantic magic, it inflicts extra damage on
   living creatures.
   It affects your strength (+4).
   It protects you from fire.
Armour
 a - a +0 robe (worn)
 f - a +1 pair of boots (worn)
 n - a +2 pair of gloves (worn)
 x - a +0 cloak (worn)
 F - a +0 hat of intelligence (worn)
Jewellery
 e - a +4 ring of intelligence (left hand)
 g - an uncursed ring of protection from fire {unknown}
 o - a ring of magical power (right hand)
Wands
 p - a wand of confusion (31/48)
 r - a wand of teleportation (0/9)
 w - a wand of flame (32/48)
 E - a wand of iceblast (6/15)
 J - a wand of enslavement (10/24)
 K - a wand of iceblast (4/15)
Scrolls
 d - a scroll of fear {unknown}
 h - 2 scrolls of fog
 l - 11 scrolls of identify
 m - 5 scrolls of teleportation
 t - 4 scrolls of remove curse
 v - a scroll of recharging
Potions
 c - 15 potions of blood
 j - a potion of invisibility
 k - 2 potions of brilliance
 B - 3 potions of flight
Books
 b - a book of Frost

   Spells                             Type                      Level
   a - Freeze                         Ice                          1
   b - Throw Frost                    Conjuration/Ice              2
   c - Ozocubu's Armour               Charms/Ice                   3
   d - Throw Icicle                   Conjuration/Ice              4
   e - Summon Ice Beast               Ice/Summoning                4
 u - a book of Cantrips

   Spells                             Type                      Level
   a - Confusing Touch                Hexes                        1
   b - Animate Skeleton               Necromancy                   1
   c - Summon Small Mammal            Summoning                    1
   d - Apportation                    Translocation                1
 G - a book of Flames

   Spells                             Type                      Level
   a - Flame Tongue                   Conjuration/Fire             1
   b - Throw Flame                    Conjuration/Fire             2
   c - Conjure Flame                  Conjuration/Fire             3
   d - Inner Flame                    Hexes/Fire                   3
   e - Sticky Flame                   Conjuration/Fire             4
   f - Fireball                       Conjuration/Fire             5


   Skills:
 - Level 10.0 Short Blades
 - Level 10.0 Dodging
 - Level 9.0 Stealth
 + Level 2.3 Spellcasting
 - Level 0.6 Conjurations
 + Level 11.4 Ice Magic


You had 4 spell levels left.
You knew the following spells:

 Your Spells              Type           Power        Failure   Level  Hunger
a - Freeze                Ice            ####         1%          1    None
b - Throw Frost           Conj/Ice       #####.       1%          2    ##.....
c - Ozocubu's Armour      Chrm/Ice       #####...     2%          3    ###....
d - Throw Icicle          Conj/Ice       #####...     10%         4    ####...


Dungeon Overview and Level Annotations

Branches:
Dungeon (10/15)            Temple (1/1) D:7            Lair (1/6) D:8
    Orc (0/2) D:9

Altars:
Ashenzari
Cheibriados
Dithmenos
Elyvilon
Fedhas
Gozag
Hepliaklqana
Kikubaaqudgha
Makhleb
Nemelex Xobeh
Okawaru
Qazlal
Ru
Sif Muna
Trog
Uskayaw
Vehumet
Xom
Yredelemnul
Zin
The Shining One

Shops:
D:5 }   D:8 *

Annotations:
D:3 Grinder


Innate Abilities, Weirdness & Mutations

You heal slowly.
You have razor-sharp teeth.
You have supernaturally acute eyesight. (SInv)
You can survive without breathing.


Message History

The eight-headed hydra bites you. x2; The eight-headed hydra bites you!
The eight-headed hydra bites you but does no damage.
The eight-headed hydra completely misses you.
The eight-headed hydra bites you.
The eight-headed hydra closely misses you.
The eight-headed hydra bites you.
The eight-headed hydra bites you but does no damage.
The eight-headed hydra closely misses you.
The eight-headed hydra bites you! x2
The eight-headed hydra closely misses you.
There is a staircase back to the Dungeon here.
The eight-headed hydra bites you but does no damage. x2
The eight-headed hydra barely misses you.
The eight-headed hydra bites you.
* * * LOW HITPOINT WARNING * * *
The eight-headed hydra closely misses you.
The eight-headed hydra bites you!
* * * LOW HITPOINT WARNING * * *
The eight-headed hydra bites you.
You die...

## ##
PP###.####
......>...
#.........
##..#..#..#
#..#####....#
#.#
......D@...##
#.#
#...#.##...P#
##.# # ..
##...###..#
)..
##.......#
#.. #.#.#.#.#
.. #.#####.#
. #.. #.# #.#
#^.# #.. ##.#


You could see an eight-headed hydra.

Vanquished Creatures
  Gastronok (D:8)
  Pikel (D:5)
  2 two-headed ogres
  2 hornets
  4 yaks (D:9)
  A human (D:8)
  The ghost of dricus the Conjurer, an amateur DECj (D:3)
  Duvessa (D:7)
  A water moccasin (D:9)
  3 porcupines
  3 ice beasts
  6 orc warriors
  A swamp drake (D:9)
  A necrophage (D:5)
  3 slaves (D:5)
  An eye of draining (D:9)
  4 sky beasts
  2 black bears
  3 centaurs
  7 ogres
  A hornet zombie (D:8)
  A crocodile (D:8)
  3 bullfrogs
  Dowan (D:7)
  2 scorpions
  5 killer bees (D:9)
  8 wights
  6 howler monkeys
  3 crimson imps
  2 bullfrog zombies
  A quasit (D:8)
  4 jellies
  2 bullfrog skeletons
  5 orc priests
  7 hounds
  11 orc wizards
  Crazy Yiuf (D:3)
  7 iguanas
  12 worker ants
  A hound skeleton (D:9)
  2 worker ant zombies
  6 gnolls (D:4)
  20 adders
  2 river rats (D:8)
  A shadow imp (D:6)
  3 oozes
  An adder zombie (D:9)
  2 adder skeletons
  3 worms (D:5)
  2 dart slugs (D:1)
  3 leopard geckos
  45 orcs
  A ball python (D:6)
  6 bats
  5 giant cockroaches
  7 goblins
  18 hobgoblins
  5 jackals
  3 quokkas
  4 frilled lizards
  14 kobolds
  A quokka skeleton (D:4)
  11 rats
296 creatures vanquished.

Vanquished Creatures (others)
  A basilisk (D:8)
  A worker ant (D:5)
  2 bushes (D:8)
  A fungus (D:8)
  6 plants (D:8)
11 creatures vanquished.

Grand Total: 307 creatures vanquished

Notes
Turn   | Place    | Note
-------+----------+-------------------------------------------
     0 | D:1      | RedPan the Vampire Ice Elementalist began the quest for the Orb.
     0 | D:1      | Reached XP level 1. HP: 13/13 MP: 3/3
   205 | D:1      | Reached XP level 2. HP: 3/19 MP: 3/5
   699 | D:1      | Reached skill level 4 in Ice Magic
   705 | D:1      | Learned a level 2 spell: Throw Frost
   959 | D:1      | Reached XP level 3. HP: 15/24 MP: 3/6
  1501 | D:1      | Learned a level 3 spell: Ozocubu's Armour
  1701 | D:2      | Reached XP level 4. HP: 13/30 MP: 7/7
  1848 | D:2      | Reached skill level 5 in Ice Magic
  2278 | D:2      | Found a shattered altar of Ashenzari.
  2628 | D:3      | Noticed dricus's ghost (amateur DECj)
  2832 | D:3      | Found a runed door.
  2937 | D:3      | Noticed Crazy Yiuf
  2942 | D:3      | Killed Crazy Yiuf
  2942 | D:3      | Reached XP level 5. HP: 34/35 MP: 8/8
  3056 | D:3      | Reached skill level 6 in Ice Magic
  3613 | D:3      | Noticed Grinder
  3656 | D:3      | Killed dricus's ghost
  3656 | D:3      | Reached XP level 6. HP: 40/41 MP: 9/9
  3779 | D:3      | Reached skill level 5 in Stealth
  4081 | D:3      | Found a faded altar of an unknown god.
  4606 | D:4      | Reached XP level 7. HP: 45/46 MP: 10/10
  5310 | D:4      | Found a blossoming altar of Fedhas.
  5348 | D:4      | Reached skill level 5 in Short Blades
  5461 | D:4      | Got an iridescent dagger
  5462 | D:4      | Identified the +10 dagger of Courage {pain, rF+ Str+4} (You found it on level 4 of the Dungeon)
  5676 | D:5      | Entered Level 5 of the Dungeon
  5733 | D:5      | Found a sacrificial altar of Ru.
  5832 | D:5      | Reached XP level 8. HP: 49/52 MP: 11/11
  5848 | D:5      | Noticed Pikel
  6459 | D:5      | Found Foklaec's Gadget Shop.
  6769 | D:5      | Killed Pikel
  7329 | D:6      | Reached XP level 9. HP: 57/57 MP: 12/12
  8308 | D:6      | Reached skill level 7 in Ice Magic
  8629 | D:6      | Reached skill level 5 in Dodging
  9234 | D:7      | Noticed Duvessa
  9235 | D:7      | Noticed Dowan
  9242 | D:7      | Killed Duvessa
  9248 | D:7      | Killed Dowan
  9455 | D:7      | Reached skill level 8 in Ice Magic
  9920 | D:7      | Found a staircase to the Ecumenical Temple.
 10340 | Temple   | Entered the Ecumenical Temple
 10378 | Temple   | Became a worshipper of Vehumet
 10454 | D:8      | Found a staircase to the Lair.
 10784 | D:8      | Found Zin's Purification Station.
 10789 | D:8      | Found a glowing silver altar of Zin.
 10839 | D:8      | Reached XP level 10. HP: 52/63 MP: 5/13
 11019 | D:8      | Found an opulent altar of Gozag.
 11031 | D:8      | Reached skill level 9 in Ice Magic
 11044 | D:8      | Noticed Gastronok
 11141 | D:8      | Killed Gastronok
 11451 | D:8      | Found an ancient bone altar of Kikubaaqudgha.
 11451 | D:8      | Found a white marble altar of Elyvilon.
 11452 | D:8      | Found a shadowy altar of Dithmenos.
 11453 | D:8      | Found a glowing golden altar of the Shining One.
 11453 | D:8      | Found a hide-covered altar of Uskayaw.
 11453 | D:8      | Found a snail-covered altar of Cheibriados.
 11489 | D:8      | Reached skill level 10 in Ice Magic
 11867 | D:8      | HP: 1/63 [basilisk (7)]
 11874 | D:8      | Found a burning altar of Makhleb.
 11997 | D:8      | Reached * piety under Vehumet
 11997 | D:8      | Offered knowledge of Sandblast by Vehumet.
 12509 | D:8      | Found a burning altar of Makhleb.
 12602 | D:8      | Reached skill level 10 in Dodging
 12737 | D:8      | Learned a level 4 spell: Throw Icicle
 12809 | D:9      | Found a stormy altar of Qazlal.
 12941 | D:9      | Reached XP level 11. HP: 39/68 MP: 14/14
 13168 | D:9      | Found a staircase to the Orcish Mines.
 13221 | D:9      | Reached skill level 11 in Ice Magic
 13254 | D:9      | Reached ** piety under Vehumet
 13260 | D:9      | Offered knowledge of Searing Ray by Vehumet.
 13932 | D:9      | Reached skill level 10 in Short Blades
 14114 | D:9      | Offered knowledge of Ignite Poison by Vehumet.
 14373 | D:10     | Entered Level 10 of the Dungeon
 14446 | Lair:1   | Entered Level 1 of the Lair of Beasts
 14455 | Lair:1   | Noticed an eight-headed hydra
 14542 | Lair:1   | Slain by an eight-headed hydra

Skill      XL: |  1  2  3  4  5  6  7  8  9 10 11 |
---------------+----------------------------------+-----
Ice Magic      | 4 5 6 8 10 11 | 11.4
Short Blades   | 2 3 5 9 10 | 10.0
Stealth        | 4 6 9 |  9.0
Dodging        | 3 7 10 | 10.0
Spellcasting   | |  2.3
Conjurations   | |  0.6

Action                   |  1- 3 |  4- 6 |  7- 9 | 10-12 || total
-------------------------+-------+-------+-------+-------++-------
Melee: Short sword       |    20 |       |       |       ||    20
       Bite              |     8 |    14 |    19 |    35 ||    76
       Dagger            |    74 |   164 |   260 |   362 ||   860
 Cast: Freeze            |    21 |    51 |    56 |       ||   128
       Throw Frost       |       |     5 |    61 |    59 ||   125
       Ozocubu's Armour  |       |     1 |     3 |    11 ||    15
       Throw Icicle      |       |       |       |    14 ||    14
Evoke: Wand              |       |     6 |    14 |     5 ||    25
  Use: Scroll            |     2 |     4 |     9 |       ||    15
       Potion            |     1 |     3 |    18 |    21 ||    43
 Stab: Sleeping          |     7 |    21 |    28 |     6 ||    62
       Distracted        |       |       |     1 |     1 ||     2
       Confused          |       |       |     4 |       ||     4
Armor: Robe              |    25 |    46 |    67 |    36 ||   174
Dodge: Dodged            |    67 |   106 |   142 |   214 ||   529
